 Dungeon Crawl Stone Soup version 0.26.1-2-gb8aa6d0cf2 (webtiles) character file.

Game seed: 8919194958735251164

1655 Davidson the Cudgeller (level 9, -4/54 HPs)
             Began as a Gargoyle Fighter on Feb 21, 2021.
             Was an Initiate of Makhleb.
             Slain by a wight
             ... wielding a +0 halberd
              (5 damage)
             ... on level 6 of the Dungeon.
             The game lasted 00:17:11 (3752 turns).

Davidson the Cudgeller (Gargoyle Fighter)           Turns: 3752, Time: 00:17:12

Health: -4/54      AC: 15    Str: 23    XL:     9   Next: 0%
Magic:  9/9        EV:  9    Int:  9    God:    Makhleb [......]
Gold:   177        SH: 10    Dex:  9    Spells: 8/8 levels left

rFire    . . .     SeeInvis .   k - +5 long sword
rCold    . . .     Faith    .   c - +0 kite shield
rNeg     + . .     Spirit   .   b - +1 scale mail
rPois    ∞         Reflect  .   (no helmet)
rElec    +         Harm     .   (no cloak)
rCorr    .         Rampage  .   (no gloves)
Will     .....                  (no boots)
Stlth    ..........             (no amulet)
HPRegen  0.18/turn              (no ring)
MPRegen  0.11/turn              (no ring)

@: no status effects
A: negative energy resistance 1, electricity resistance, unbreathing,
petrification resistance, miasma immunity, AC +6
a: Renounce Religion


You were on level 6 of the Dungeon.
You worshipped Makhleb.
Makhleb was noncommittal.
You visited 2 branches of the dungeon, and saw 6 of its levels.

You collected 177 gold pieces.

Inventory:

Hand Weapons
 a - a +0 flail
 e - a +0 mace
 k - a +5 long sword (weapon)
Armour
 b - a +1 scale mail (worn)
 c - a +0 kite shield (worn)
Wands
 s - a wand of iceblast (9)
Scrolls
 f - a scroll of enchant armour
 i - 4 scrolls of identify
 j - 2 scrolls of fog
 m - a scroll of remove curse
Potions
 d - 3 potions of might
 n - a potion of curing
 p - a potion of degeneration {unknown}
 t - 2 potions of cancellation {unknown}


   Skills:
 + Level 5.3 Fighting
 + Level 3.5 Long Blades
 + Level 6.3 Maces & Flails
 + Level 6.0 Armour
 + Level 2.3 Dodging
 + Level 6.0 Shields


You had 8 spell levels left.
You didn't know any spells.
Your spell library contained the following spells:

 Spells                   Type           Power        Failure   Level
 Magic Dart               Conj           0%           97%         1
 Blink                    Tloc           N/A          99%         2
 Call Imp                 Summ           0%           99%         2
 Slow                     Hex            0%           99%         2
 Conjure Flame            Conj/Fire      0%           100%        3
 Mephitic Cloud           Conj/Pois/Air  0%           100%        3


Dungeon Overview and Level Annotations

Branches:
Dungeon (6/15)             Temple (1/1) D:5

Altars:
Cheibriados
Elyvilon
Gozag
Kikubaaqudgha
Makhleb
Okawaru
Trog
Vehumet
Xom
Yredelemnul


Innate Abilities, Weirdness & Mutations

You are resistant to torment.
Your stone body is resilient. (AC +6)
You are immune to poison.
You resist negative energy. (rN+)
You are resistant to electric shocks. (rElec)
You can survive without breathing.
You are immune to petrification.
You are immune to miasma.


Message History

You block the orc's attack.
You hear some strange, mumbled words.
A magic dart appears from out of thin air!
The magic dart hits you.
* * * LOW HITPOINT WARNING * * *
The orc hits you but does no damage.
The wight hits you from afar with a +0 halberd.
* * * LOW HITPOINT WARNING * * *
You miss something.
You hear some strange, mumbled words.
A magic dart appears from out of thin air!
The magic dart hits you.
* * * LOW HITPOINT WARNING * * *
You block the orc's attack.
The wight hits you from afar with a +0 halberd.
* * * LOW HITPOINT WARNING * * *
You miss something. Something hits you but does no damage.
The orc hits you but does no damage.
The wight hits you from afar with a +0 halberd.
You die...

....#####.### ###......,#........
###,,,,*#..####....#,..##........
******,,##...##....#.#.##........
,,,* **,,##...†....#.........5zzz
,*,****#.##^###.........#l.....).
,,,,,,,.............#......55.<..
,,,,,,,####.............#........
,,,,,,,***#.####........#........
,,,,,,,**...# #@###....#........
,,,,,,,*#.######{# *....#.......$
,,,,,,,*#,#$...oz# **...#........
,,,,,,,,,.#......# ****#........
,,***,,*,.......(# *#.......$ ***
*,,,,.......(# ****,,*,,,,,,
*,,,,........####...,**,*****
*******,*##.....(.......,*,,*
,,,,,,,,* #......####...,,,**


You could see a wight and an orc.

Vanquished Creatures
  Pikel (D:5)
  Grinder (D:3)
  A water moccasin (D:5)
  An orc warrior (D:6)
  2 centaurs
  A lemure (D:5)
  A bullfrog (D:5)
  4 wights
  3 orc wizards
  2 hounds
  2 orc priests
  Ijyb (D:5)
  3 worker ants (D:5)
  3 adders
  A shadow imp (D:6)
  An ooze (D:5)
  2 worms
  A dart slug (D:1)
  2 leopard geckos
  10 orcs
  3 giant cockroaches
  9 goblins
  5 hobgoblins
  4 kobolds (D:1)
  A ball python zombie (D:5)
  6 bats
  2 frilled lizards (D:1)
  7 rats
80 creatures vanquished.

Notes
Turn   | Place    | Note
-------+----------+-------------------------------------------
     0 | D:1      | Davidson the Gargoyle Fighter began the quest for the Orb.
     0 | D:1      | Reached XP level 1. HP: 14/14 MP: 1/1
    63 | D:1      | Reached XP level 2. HP: 19/19 MP: 2/2
   236 | D:1      | Reached XP level 3. HP: 23/23 MP: 3/3
   736 | D:2      | Reached XP level 4. HP: 29/29 MP: 4/4
  1544 | D:3      | Noticed Grinder
  1561 | D:3      | Paralysed by Grinder for 4 turns
  1570 | D:3      | Killed Grinder
  1571 | D:3      | Reached skill level 1 in Dodging
  1571 | D:3      | Reached XP level 5. HP: 14/33 MP: 5/5
  1571 | D:3      | Reached XP level 6. HP: 16/38 MP: 6/6
  1846 | D:3      | You fall into a shaft and drop 2 floors!
  1846 | D:5      | Entered Level 5 of the Dungeon
  1866 | D:5      | Reached skill level 5 in Maces & Flails
  2066 | D:5      | Reached XP level 7. HP: 43/43 MP: 7/7
  2067 | D:5      | Noticed Ijyb
  2087 | D:5      | Killed Ijyb
  2481 | D:5      | Found a staircase to the Ecumenical Temple.
  2510 | Temple   | Entered the Ecumenical Temple
  2558 | Temple   | Became a worshipper of Makhleb the Destroyer
  3041 | D:6      | Noticed Pikel
  3119 | D:5      | Reached skill level 5 in Shields
  3161 | D:5      | Reached skill level 5 in Armour
  3166 | D:5      | Killed Pikel
  3167 | D:5      | Reached skill level 5 in Fighting
  3167 | D:5      | Reached XP level 8. HP: 11/49 MP: 8/8
  3741 | D:6      | HP: 1/49 [wight/cursed +0 falchion (4)]
  3748 | D:6      | Reached XP level 9. HP: 23/54 MP: 9/9
  3751 | D:6      | HP: 2/54 [something/magic dart (2)]
  3752 | D:6      | Slain by a wight

Illustrated notes

Levels and vault maps discovered:
D:1:      lemuel_arrival_hallway, layout_basic, hex_large
D:2:      layout_rooms
D:3:      layout_basic, general_overflow_altar, minmay_distorted, uniq_grinder
D:5:      layout_basic, minmay_temple_entry_mini_moons,
          hangedman_abyss_or_decor_passed, uniq_ijyb
D:6:      minmay_goblin_kobold_castle, layout_rooms, serial_shops, shop,
          uniq_pikel
Temple:   compressed_dpeg_circular_temple

Skill      XL: |  1  2  3  4  5  6  7  8 |
---------------+-------------------------+-----
Maces & Flails | 3 4 5 6 |  6.3
Fighting       | 4 5 |  5.3
Armour         | 4 5 6 |  6.0
Dodging        | 1 2 |  2.3
Shields        | 4 5 6 |  6.0
Long Blades    | 2 3 |  3.5

Action                   |  1- 3 |  4- 6 |  7- 9 || total
-------------------------+-------+-------+-------++-------
Melee: Flail             |    99 |   109 |    76 ||   284
       Long sword        |       |       |    91 ||    91
  Use: Scroll            |     2 |       |     8 ||    10
       Potion            |       |     1 |     4 ||     5
Armor: Scale mail        |    73 |    50 |   155 ||   278
Dodge: Dodged            |    47 |    42 |    82 ||   171
Block: Kite shield       |    76 |    55 |   153 ||   284
       Rpst.: Long sword |       |       |    21 ||    21
